 Dungeon Crawl Stone Soup version 0.25-a0-110-ge29c8f2358 (webtiles) character file.

Game seed: 18371022050232155050, levelgen mode: deterministic

2763 night the Cleaver (level 9, -4/72 HPs)
             Began as a Demonspawn Wanderer on Nov 19, 2019.
             Killed by divine providence
             ... invoked by an orc priest
              (17 damage)
             ... on level 7 of the Dungeon on Nov 20, 2019.
             The game lasted 00:20:01 (7967 turns).

night the Cleaver (Demonspawn Wanderer)             Turns: 7967, Time: 00:20:02

Health: -4/72      AC:  9    Str: 12    XL:     9   Next: 42%
Magic:  9/9        EV: 10    Int: 18    God:
Gold:   329        SH:  0    Dex: 12    Spells: 8/8 levels left

rFire    . . .     SeeInvis .   a - +2 hand axe
rCold    . . .     Gourm    .   (no shield)
rNeg     . . .     Faith    +   L - +0 ring mail "Toinlup" {rPois rCorr}
rPois    +         Spirit   .   i - +0 helmet
rElec    .         Reflect  .   n - +0 cloak
rCorr    +         Harm     .   (no gloves)
MR       .....                  (no boots)
Stlth    +.........             y - amulet of faith
HPRegen  1.22/turn              (no ring)
MPRegen  0.11/turn              (no ring)

@: no status effects
A: hooves 1, yellow scales 1, powered by death 2, powered by pain 2
a: no special abilities


You were on level 7 of the Dungeon.
You were very hungry.

You visited 2 branches of the dungeon, and saw 8 of its levels.

You collected 329 gold pieces.

Inventory:

Hand Weapons
 a - a +2 hand axe (weapon)
 b - a +0 shortbow
Missiles
 e - 130 arrows
 h - 8 boomerangs
 j - 16 javelins (quivered)
 s - 18 poisoned darts
 t - a boomerang of dispersal
 A - 3 silver javelins
Armour
 g - a +0 scale mail
 i - a +0 helmet (worn)
 n - a +0 cloak (worn)
 u - a +2 leather armour of fire resistance
 L - the +0 ring mail "Toinlup" (worn) {rPois rCorr}
   (You found it on level 7 of the Dungeon)

   It protects you from poison.
   It provides partial protection from all sources of acid and corrosion.
Jewellery
 y - an amulet of faith (around neck)
 J - an uncursed ring of protection from fire {unknown}
Wands
 w - a wand of flame (22)
 H - a wand of iceblast (9)
Scrolls
 c - 4 scrolls of remove curse
 k - 3 scrolls of enchant armour
 v - a scroll of fog
 C - a scroll of blinking {unknown}
 D - a scroll of enchant weapon {unknown}
 G - 3 scrolls of identify
Potions
 f - a potion of haste {unknown}
 l - 3 potions of degeneration {unknown}
 m - a potion of cancellation
 o - 2 potions of flight
 p - a potion of magic {unknown}
 q - a potion of agility {unknown}
 r - 4 potions of curing
 x - a potion of lignification {unknown}
 z - a potion of berserk rage {unknown}
 B - 2 potions of heal wounds {unknown}
 E - a potion of mutation {unknown}
 F - a potion of resistance {unknown}
 I - a potion of brilliance {unknown}
Comestibles
 d - 9 rations


   Skills:
 + Level 7.5 Fighting
   Level 1.0 Short Blades
 * Level 10.0 Axes
 - Level 2.6 Armour
 - Level 1.0 Stealth
 - Level 1.0 Evocations


You had 8 spell levels left.
You didn't know any spells.
Your spell library contained the following spells:

 Spells                   Type           Power        Failure   Level  Hunger
 Corona                   Hex            #......      43%         1    ##.....
 Ensorcelled Hibernation  Hex/Ice        #.....       58%         2    ###....
 Confuse                  Hex            #.......     82%         3    ####...
 Dazzling Spray           Conj/Hex       #.....       82%         3    ####...
 Tukima's Dance           Hex            #.......     82%         3    ####...


Dungeon Overview and Level Annotations

Branches:
Dungeon (7/15)             Temple (1/1) D:7

Altars:
Ashenzari
Cheibriados
Dithmenos
Elyvilon
Fedhas
Gozag
Hepliaklqana
Kikubaaqudgha
Makhleb
Nemelex Xobeh
Okawaru
Ru
Sif Muna
Trog
Uskayaw
Vehumet
Wu Jian
Xom
Yredelemnul
Zin
The Shining One

Shops:
D:4 [


Innate Abilities, Weirdness & Mutations

You have large cloven feet.
You are partially covered in yellow scales. (AC +2)
You regenerate health from kills.
You sometimes gain power by taking damage.


Message History

You hit the orc warrior.
You kick the orc warrior, but do no damage.
The orc warrior is lightly wounded.
The orc warrior hits you with a +0 halberd!
The ogre shouts!
You hit the orc warrior but do no damage.
The orc warrior is lightly wounded.
You hit the orc warrior.
The orc warrior is moderately wounded.
The orc warrior hits you but does no damage.
The orc priest mumbles some strange prayers to Beogh against you.
Beogh smites you!
The orc warrior hits you from afar with a +0 halberd.
There is a staircase to the Ecumenical Temple here.
The orc warrior hits you from afar with a +0 halberd!!
* * * LOW HITPOINT WARNING * * *
The orc wizard barely misses you. The orc barely misses you.
The orc priest calls down the wrath of Beogh upon you.
Beogh smites you!
You die...

.......... ... .........
.## ... ......... . ..##
##.. .....)....# ...# #..
##O.........# .# #..##.#
#....>....... ... #..#.#
#.o...$...<#. ... #...##
#@oo......... ...
#....###.)o........# .5#
#.##...<(........... #..
#######.#######(..........
.). #.......# ##...$....#
. #.......# #...#.#.##
#.......# #...##...
#.(..(..# #.#.# ...#
#.......#######.#.# # ...


You could see an orc warrior, an ogre, an orc priest, an orc wizard and an orc.

Vanquished Creatures
  Joseph (D:7)
  Grinder (D:6)
  Sigmund (D:4)
  An ice beast (D:6)
  A sky beast (D:5)
  A phantom (D:5)
  2 ogres
  3 centaurs
  Blork the orc (D:4)
  4 bullfrogs
  2 vampire bats (D:3)
  A howler monkey (D:6)
  3 crimson imps
  A hound (D:4)
  2 orc priests (D:4)
  Crazy Yiuf (D:5)
  A bullfrog skeleton (D:4)
  3 orc wizards
  2 iguanas
  5 worker ants
  A killer bee zombie (D:6)
  3 hound skeletons
  A worker ant zombie (D:5)
  Robin (D:2)
  A howler monkey zombie (D:6)
  6 gnolls
  12 adders
  2 oozes
  2 adder skeletons
  3 worms
  3 dart slugs (D:1)
  8 leopard geckos
  12 orcs
  6 ball pythons
  2 bat skeletons (D:3)
  2 bat zombies (D:3)
  7 giant cockroaches
  15 goblins
  12 hobgoblins
  20 jackals
  13 kobolds
  9 bats
  6 frilled lizards
  A leopard gecko skeleton (D:4)
  A leopard gecko zombie (D:5)
  2 quokka skeletons (D:5)
  4 rats
192 creatures vanquished.

Vanquished Creatures (others)
  An orc wizard (D:5)
1 creature vanquished.

Grand Total: 193 creatures vanquished

Notes
Turn   | Place    | Note
-------+----------+-------------------------------------------
     0 | D:1      | night the Demonspawn Wanderer began the quest for the Orb.
     0 | D:1      | night set off with the following items: a +2 hand axe, a +0
                  | ring mail, a potion of curing, a ration
     0 | D:1      | Reached XP level 1. HP: 16/16 MP: 1/1
    26 | D:1      | Reached skill level 2 in Axes
   291 | D:1      | Gained mutation: You are partially covered in yellow
                  | scales. (AC +2) [demonic ancestry]
   291 | D:1      | Reached XP level 2. HP: 10/22 MP: 2/2
   738 | D:2      | Reached skill level 3 in Axes
   761 | D:2      | Noticed Robin
   775 | D:2      | Killed Robin
   775 | D:2      | Reached XP level 3. HP: 24/27 MP: 3/3
   972 | D:2      | Gained mutation: You sometimes gain a little power by
                  | taking damage. [demonic ancestry]
   972 | D:2      | Reached XP level 4. HP: 23/34 MP: 4/4
  1250 | D:2      | Reached skill level 4 in Axes
  2099 | D:2      | Gained mutation: You sometimes gain power by taking damage.
                  | [demonic ancestry]
  2099 | D:2      | Reached XP level 5. HP: 35/41 MP: 5/5
  2183 | D:2      | Found a white marble altar of Elyvilon.
  2632 | D:2      | Found a shadowy altar of Dithmenos.
  3348 | D:3      | Found an ancient bone altar of Kikubaaqudgha.
  3356 | D:3      | Reached skill level 5 in Axes
  3356 | D:3      | Reached XP level 6. HP: 47/47 MP: 6/6
  3665 | D:4      | Noticed Blork the orc
  3679 | D:4      | Killed Blork the orc
  3859 | D:4      | Reached skill level 6 in Axes
  3859 | D:4      | Gained mutation: You regenerate a little health from kills.
                  | [demonic ancestry]
  3859 | D:4      | Reached XP level 7. HP: 47/54 MP: 7/7
  4461 | D:4      | Noticed Sigmund
  4480 | D:4      | Killed Sigmund
  4480 | D:4      | Reached skill level 5 in Fighting
  4721 | D:4      | Reached skill level 7 in Axes
  4927 | D:4      | Found Intaumu's Armour Shop.
  5076 | D:5      | Entered Level 5 of the Dungeon
  5438 | D:5      | Found a runed translucent door.
  5439 | D:5      | Noticed Crazy Yiuf
  5447 | D:5      | Killed Crazy Yiuf
  5489 | D:5      | Gained mutation: You have large cloven feet. [demonic
                  | ancestry]
  5489 | D:5      | Reached XP level 8. HP: 45/63 MP: 8/8
  5880 | D:5      | Reached skill level 8 in Axes
  6135 | D:5      | Found a white marble altar of Elyvilon.
  6360 | D:6      | Found a basalt altar of Yredelemnul.
  6818 | D:6      | Noticed Grinder
  6831 | D:6      | Killed Grinder
  6831 | D:6      | Reached skill level 9 in Axes
  6908 | D:6      | Gained mutation: You regenerate health from kills. [demonic
                  | ancestry]
  6908 | D:6      | Reached XP level 9. HP: 55/71 MP: 9/9
  7355 | D:7      | Noticed Joseph
  7469 | D:7      | Got a transparent ring mail
  7480 | D:7      | Identified the +0 ring mail "Toinlup" {rPois rCorr} (You
                  | found it on level 7 of the Dungeon)
  7501 | D:7      | Found a staircase to the Ecumenical Temple.
  7526 | D:7      | Killed Joseph
  7526 | D:7      | Reached skill level 10 in Axes
  7753 | Temple   | Entered the Ecumenical Temple
  7967 | D:7      | Killed from afar by an orc priest

Levels and vault maps discovered:
D:1:      dpeg_chamrin_arrival_tetris, layout_rooms, minmay_misc_feat_iff
D:2:      layout_rooms, nicolae_dithmenos_through_a_glass_darkly,
          lemuel_altar_in_water, uniq_robin
D:3:      layout_loops_cross, kennysheep_vampire_church, kennysheep_boxes
D:4:      corexii_shack_village, layout_basic, serial_shops, shop, first_ration,
          minmay_tree_intersection, uniq_blork_the_orc, uniq_sigmund
D:5:      layout_basic, elyvilon_altar_5, corexii_corridor_pit,
          uniq_crazy_yiuf_cottage
D:6:      layout_gridville, yredelemnul_altar_generic, uniq_grinder
D:7:      layout_rooms, minmay_temple_entry_proselytizer, minmay_crossroads,
          uniq_joseph
Temple:   minmay_crystal_spiral_temple

Skill      XL: |  1  2  3  4  5  6  7  8  9 |
---------------+----------------------------+-----
Axes           | 2 3 4 5 6 7 9 10 | 10.0
Fighting       | 3 4 5 6 7 |  7.5
Short Blades   | |  1.0
Armour         | |  2.6
Stealth        | |  1.0
Evocations     | |  1.0

Action                   |  1- 3 |  4- 6 |  7- 9 || total
-------------------------+-------+-------+-------++-------
Melee: Hand axe          |   103 |   255 |   425 ||   783
       Kick              |       |       |    57 ||    57
Evoke: Wand              |       |       |     3 ||     3
  Use: Scroll            |       |     5 |     1 ||     6
       Potion            |       |     1 |     4 ||     5
 Stab: Invisible         |       |       |     2 ||     2
  Eat: Chunk             |       |    10 |    12 ||    22
Armor: Ring mail         |    16 |       |    10 ||    26
       Scale mail        |    44 |   169 |   199 ||   412
Dodge: Dodged            |    44 |   128 |   197 ||   369

Table legend:
 A = Non-vault XP
 B = Vault XP
 C = Vault XP percentage of total XP
 D = Non-vault monster count
 E = Vault monster count
 F = Vault count percentage of total count
                 A         B        C        D         E       F
            +---------+---------+-------+---------+---------+-------
      Total |    2643 |    1305 |  33.1 |     158 |      35 |  18.1
            +---------+---------+-------+---------+---------+-------
        D:1 |      65 |       0 |   0.0 |      26 |       0 |   0.0
        D:2 |     206 |      35 |  14.5 |      33 |      11 |  25.0
        D:3 |      30 |     123 |  80.4 |      10 |       6 |  37.5
        D:4 |     515 |     351 |  40.5 |      31 |      15 |  32.6
        D:5 |     641 |      41 |   6.0 |      23 |       1 |   4.2
        D:6 |    1021 |     295 |  22.4 |      25 |       1 |   3.8
        D:7 |     165 |     460 |  73.6 |      10 |       1 |   9.1
            +---------+---------+-------+---------+---------+-------
